 Dungeon Crawl Stone Soup version 0.22.0-49-gab54619 (webtiles) character file.

2492 suicidejoker the Covert (level 9, -1/61 HPs)
             Began as an Octopode Monk on Sept 4, 2018.
             Was an Elder of Cheibriados.
             Slain by a wight
             ... wielding a +4 falchion of freezing
              (3 damage)
             ... on level 7 of the Dungeon.
             The game lasted 00:11:14 (6242 turns).

suicidejoker the Covert (Octopode Monk)             Turns: 6242, Time: 00:11:14

Health: -1/61      AC:  1    Str: 23    XL:     9   Next: 52%
Magic:  9/9        EV: 22    Int: 23    God:    Cheibriados [****..]
Gold:   305        SH:  0    Dex: 29    Spells: 8/8 levels left

rFire    . . .     SeeInvis .   m - +1 dagger (pain)
rCold    . . .     Gourm    .   (no shield)
rNeg     . . .     Faith    .   (helmet restricted)
rPois    .         Spirit   .   (no amulet)
rElec    .         Reflect  .   (no ring)
rCorr    .         Harm     .   (no ring)
MR       .....                  (no ring)
Stlth    +++++++...             (no ring)
HPRegen  0.20/turn              (no ring)
MPRegen  0.11/turn              (no ring)
                                (no ring)
                                (no ring)

@: agile, lethally poisoned (-1 -> -3), flying, drained, very slow
A: almost no armour, stealthy swim, amphibious, 8 rings, constrict 8, camouflage
1, gelatinous body 1
a: Bend Time, Temporal Distortion, Slouch, Renounce Religion


You were on level 7 of the Dungeon.
You worshipped Cheibriados.
Cheibriados was greatly pleased with you.
You were not hungry.

You visited 1 branch of the dungeon, and saw 7 of its levels.

You collected 305 gold pieces.

Inventory:

Hand Weapons
 e - a +1 rapier of flaming
 m - a +1 dagger of pain (weapon)
 n - a +4 falchion
 q - a +2 spear of freezing
 w - a +1 dagger of freezing
Jewellery
 l - an uncursed ring of ice
 v - an uncursed ring of stealth {unknown}
Scrolls
 b - a scroll of remove curse
 d - 2 scrolls of identify
 f - a scroll of blinking
 g - 2 scrolls of noise {unknown}
 k - 2 scrolls of enchant weapon {unknown}
 p - 2 scrolls of fog
 r - 2 scrolls of teleportation
 t - a scroll of random uselessness {unknown}
 u - a scroll of fear
Potions
 c - 2 potions of ambrosia
 o - a potion of haste {unknown}
 s - a potion of lignification {unknown}
Comestibles
 a - 15 rations
 x - a chunk of flesh


   Skills:
 + Level 5.2(4.2) Fighting
 - Level 0.8(0.0) Short Blades
 * Level 5.7(4.6) Polearms
 + Level 5.3(4.3) Dodging
 * Level 9.4(8.3) Stealth
 * Level 7.1(6.0) Unarmed Combat


You had 8 spell levels left.
You didn't know any spells.
Your spell library contained the following spells:

 Spells                   Type           Power        Failure   Level  Hunger
 Corona                   Hex            #......      16%         1    ##.....
 Ensorcelled Hibernation  Hex/Ice        #.....       24%         2    ###....
 Confuse                  Hex            #.......     43%         3    ####...
 Dazzling Spray           Conj/Hex       #.....       43%         3    ####...
 Tukima's Dance           Hex            #.......     43%         3    ####...


Dungeon Overview and Level Annotations

Branches:
Dungeon (7/15)             Temple (0/1) D:7

Altars:
Cheibriados
Gozag
Hepliaklqana
Kikubaaqudgha
Nemelex Xobeh
Yredelemnul
Zin

Shops:
D:5 [   D:6 *


Innate Abilities, Weirdness & Mutations

You cannot wear most types of armour.
You are very stealthy in the water. (Stealth+)
You are amphibious.
You can wear up to eight rings at the same time.
You can use your tentacles to constrict eight enemies at once.
Your skin changes colour to match your surroundings (Stealth+).
Your rubbery body absorbs attacks. (AC +1, EV +1)


Message History

The orc misses you.
You hit the wight but do no damage. You grab the wight.
You constrict the wight.
The wight hits you with a falchion of freezing.
You feel drained.
* * * LOW HITPOINT WARNING * * *
The wight freezes you.
* * * LOW HITPOINT WARNING * * *
The orc hits you from afar with a trident of venom.
* * * LOW HITPOINT WARNING * * *
You are poisoned.
You hit the wight but do no damage.
The wight is moderately damaged.
You constrict the wight.
You feel sick.
The wight hits you with a falchion of freezing!
* * * LOW HITPOINT WARNING * * *
You feel drained.
* * * LOW HITPOINT WARNING * * *
The wight freezes you.
You die...

#...# ####...####
#.........############
......................#
.#.........#######..#.#
####...##########.##.##.
#...# #.o.#.........
#...# #z#.zo........
##.## #@###z)⌠...⌠.. #+
#.# #......... #.#
.....>....
#.#.#.........
#...#.%⌠...⌠.. ###
......... #........
##.##.##.


You could see a wight and an orc.

Vanquished Creatures
  Pikel (D:4)
  An ice beast (D:5)
  4 ogres
  3 centaurs
  Blork the orc (D:4)
  A big kobold (D:7)
  A bullfrog (D:6)
  2 scorpions
  3 wights (D:7)
  2 howler monkeys
  2 crimson imps (D:5)
  3 bullfrog zombies (D:5)
  A hound (D:6)
  2 bullfrog skeletons
  2 orc priests
  An orc wizard (D:6)
  Jessica (D:3)
  An iguana (D:5)
  7 worker ants
  A hound zombie (D:5)
  2 hound skeletons
  2 worker ant zombies (D:5)
  9 adders
  3 gnolls (D:6)
  A shadow imp (D:6)
  An ooze (D:5)
  2 adder skeletons
  An adder zombie (D:6)
  6 worms
  4 dart slugs
  8 leopard geckos
  17 orcs
  3 bats
  4 giant cockroaches
  7 hobgoblins
  8 jackals
  14 kobolds
  3 quokkas
  4 frilled lizards
  6 goblins
  A leopard gecko skeleton (D:6)
  2 quokka skeletons
  11 rats
159 creatures vanquished.

Vanquished Creatures (others)
  Duvessa (D:4)
  A slave (D:4)
  Dowan (D:4)
  A worker ant (D:4)
4 creatures vanquished.

Grand Total: 163 creatures vanquished

Notes
Turn   | Place    | Note
-------+----------+-------------------------------------------
     0 | D:1      | suicidejoker the Octopode Monk began the quest for the Orb.
     0 | D:1      | Reached XP level 1. HP: 16/16 MP: 1/1
    85 | D:1      | Reached skill level 3 in Stealth
    92 | D:1      | Reached XP level 2. HP: 16/21 MP: 2/2
   426 | D:2      | Reached XP level 3. HP: 26/26 MP: 3/3
   779 | D:2      | Reached skill level 4 in Stealth
  1280 | D:2      | Reached XP level 4. HP: 11/31 MP: 4/4
  1835 | D:3      | Found a hazy altar of Hepliaklqana.
  1874 | D:3      | Noticed Jessica
  1881 | D:3      | Killed Jessica
  1947 | D:3      | Found a basalt altar of Yredelemnul.
  2375 | D:4      | Reached XP level 5. HP: 36/36 MP: 5/5
  2445 | D:4      | Noticed Pikel
  2445 | D:4      | Noticed a slave
  2445 | D:4      | Noticed a slave
  2445 | D:4      | Noticed a slave
  2445 | D:4      | Noticed a slave
  2456 | D:4      | Killed Pikel
  2456 | D:4      | Reached skill level 6 in Stealth
  2456 | D:4      | Reached XP level 6. HP: 8/43 MP: 6/6
  2456 | D:4      | Reached XP level 7. HP: 9/47 MP: 7/7
  2505 | D:4      | Killed Duvessa
  2521 | D:4      | Killed Dowan
  2746 | D:4      | Found Quilun's Assorted Antiques.
  2858 | D:4      | Reached skill level 5 in Unarmed Combat
  3028 | D:4      | Noticed Blork the orc
  3036 | D:4      | Killed Blork the orc
  3734 | D:5      | Entered Level 5 of the Dungeon
  4024 | D:5      | Reached XP level 8. HP: 45/54 MP: 8/8
  4031 | D:5      | Reached skill level 7 in Stealth
  4062 | D:5      | Found a snail-covered altar of Cheibriados.
  4083 | D:5      | Became a worshipper of Cheibriados the Contemplative
  4083 | D:5      | Reached * piety under Cheibriados
  4083 | D:5      | Reached ** piety under Cheibriados
  4483 | D:5      | Found Jajoasy's Antique Armour Shop.
  4643 | D:5      | Reached skill level 8 in Stealth
  4646 | D:5      | Found a sparkling altar of Nemelex Xobeh.
  4805 | D:5      | Reached *** piety under Cheibriados
  5068 | D:6      | Found a glowing silver altar of Zin.
  5122 | D:6      | Reached XP level 9. HP: 10/60 MP: 9/9
  5128 | D:6      | Reached skill level 5 in Polearms
  5128 | D:6      | Reached skill level 5 in Dodging
  5232 | D:6      | Reached skill level 5 in Fighting
  5381 | D:6      | Found an opulent altar of Gozag.
  5463 | D:6      | Found an ancient bone altar of Kikubaaqudgha.
  5544 | D:6      | Reached skill level 9 in Stealth
  5775 | D:6      | Found Zotwi's General Store.
  6074 | D:7      | Reached **** piety under Cheibriados
  6183 | D:7      | Found a staircase to the Ecumenical Temple.
  6242 | D:7      | HP: 2/61 [wight/falchion of freezing (2)]
  6242 | D:7      | Slain by a wight

Skill      XL: |  1  2  3  4  5  6  7  8  9 |
---------------+----------------------------+-----
Stealth        | 3 4 6 8 9 |  9.4
Polearms       | 2 3 4 5 |  5.7
Dodging        | 4 5 |  5.3
Unarmed Combat | 4 5 6 7 |  7.1
Fighting       | 4 5 |  5.2
Short Blades   | |  0.8

Action                   |  1- 3 |  4- 6 |  7- 9 || total
-------------------------+-------+-------+-------++-------
Melee: Unarmed           |    73 |     4 |       ||    77
       Constrict         |    18 |     4 |    67 ||    89
       Punch             |     1 |     1 |    13 ||    15
       Tentacles         |    16 |     7 |    72 ||    95
       Dagger            |       |    17 |    24 ||    41
       Spear             |       |    13 |   266 ||   279
  Use: Scroll            |       |       |    10 ||    10
       Potion            |       |       |    14 ||    14
 Stab: Sleeping          |     9 |    13 |    25 ||    47
       Distracted        |       |       |     2 ||     2
  Eat: Chunk             |     1 |     3 |     6 ||    10
       Ration            |       |       |     1 ||     1
Armor: Skin              |     4 |       |     7 ||    11
Dodge: Dodged            |    36 |     7 |   166 ||   209
